 Dungeon Crawl Stone Soup version 0.17.1-3-g152610e (webtiles) character file.

96 MrTails the Skirmisher (level 4, -4/29 HPs)
             Began as a Gargoyle Fighter on Feb 18, 2016.
             Slain by an orc warrior
             ... wielding a +0 short sword
              (10 damage)
             ... on level 2 of the Dungeon.
             The game lasted 00:06:12 (1794 turns).

MrTails the Skirmisher (Gargoyle Fighter)           Turns: 1794, Time: 00:06:12

Health: -4/29      AC: 16    Str: 21      XL:     4   Next: 67%
Magic:  4/4        EV:  4    Int: 10      God:
Gold:   90         SH:  9    Dex:  5 (9)  Spells: 0 memorised, 3 levels left

rFire  . . .     SeeInvis .     a - +0 flail
rCold  . . .     Clarity  .     n - +0 plate armour
rNeg   + . .     SustAt   .     c - +0 shield
rPois  ∞         Gourm    .     (no helmet)
rElec  +         Spirit   .     (no cloak)
rCorr  .         Warding  .     t - +2 pair of gloves
rMut   .         Stasis   .     (no boots)
MR     .....                    (no amulet)
Stlth  ..........               h - -2 ring of protection (curse)
                                u - +2 ring of intelligence

@: not resistant to hostile enchantments, extremely unstealthy
A: negative energy resistance 1, electricity resistance, unbreathing,
petrification resistance, rot immunity, AC +3
a: no special abilities


You were on level 2 of the Dungeon.
You were near starving.

You visited 1 branch of the dungeon, and saw 3 of its levels.

You collected 90 gold pieces.

Inventory:

Hand Weapons
 a - a +0 flail (weapon)
Armour
 b - a +0 scale mail
 c - a +0 shield (worn)
 n - a +0 plate armour (worn)
 t - a +2 pair of gloves (worn)
Jewellery
 h - a cursed -2 ring of protection (right hand)
 u - a +2 ring of intelligence (left hand)
Wands
 r - a wand of slowing (27)
Scrolls
 p - a scroll of blinking
Potions
 d - a potion of might
 g - a potion of degeneration
Comestibles
 e - 2 bread rations
 i - a beef jerky
 j - 4 meat rations
 l - 5 slices of pizza
 m - 4 fruits


   Skills:
 + Level 4.0 Fighting
 * Level 3.4 Maces & Flails
 + Level 3.6 Armour
 + Level 3.9 Shields


You had 3 spell levels left.
You didn't know any spells.

Dungeon Overview and Level Annotations

Branches:
Dungeon (3/15)

Altars:
Cheibriados


Innate Abilities, Weirdness & Mutations

You are resistant to torment.
Your stone body is resilient (AC +3).
You are immune to poison.
You resist negative energy.
You are resistant to electric shocks.
You can survive without breathing.
You are immune to petrification.
You are immune to rotting.


Message History

The orc warrior hits you with a short sword.
* * * LOW HITPOINT WARNING * * *
You are too injured to fight recklessly!
You are too injured to fight recklessly!
You are too injured to fight recklessly!
You are too injured to fight recklessly!
You are too injured to fight recklessly!
You are too injured to fight recklessly!
Your plate armour prevents you from hitting the orc warrior.
The orc warrior is moderately wounded.
You are near starving!
You block the orc warrior's attack.
Your shield and plate armour prevent you from hitting the orc warrior.
The orc warrior is moderately wounded.
You block the orc warrior's attack.
Your plate armour prevents you from hitting the orc warrior.
The orc warrior is moderately wounded.
The orc warrior hits you but does no damage.
The orc warrior hits you with a short sword!
You die...

#.#.#.#.#.##.(.......#
#.#.#.#.#.##..####...#
#.#.#.#.#.##..## ###.#
#.#............# #....
#.###.#.#.##...# #.#.#
#.# #.#.######.###.#.#
#.###.#.#....#........
#......)#....#......<#
#####@..'.._.#.....###
##o.#....#.##### #
##.#....#.#######
#.######........ ###
#########


You could see an orc warrior.

Vanquished Creatures
  2 adders (D:2)
  A gnoll (D:2)
  2 worms
  2 giant geckos
  A giant cockroach (D:1)
  9 goblins
  12 hobgoblins
  4 jackals (D:1)
  9 kobolds
  A quokka (D:3)
  5 bats
  2 giant newts (D:1)
  5 rats (D:1)
55 creatures vanquished.

Notes
Turn   | Place    | Note
--------------------------------------------------------------
     0 | D:1      | MrTails the Gargoyle Fighter began the quest for the Orb.
     0 | D:1      | Reached XP level 1. HP: 14/14 MP: 1/1
    48 | D:1      | Reached XP level 2. HP: 8/19 MP: 2/2
   569 | D:1      | Reached XP level 3. HP: 24/24 MP: 3/3
  1201 | D:2      | Found a snail-covered altar of Cheibriados.
  1210 | D:2      | Reached skill level 4 in Fighting
  1210 | D:2      | Reached XP level 4. HP: 18/29 MP: 4/4
  1735 | D:3      | Noticed an orc warrior
  1794 | D:2      | Slain by an orc warrior

Action                   |  1- 3 |  4- 6 || total
-------------------------+-------+-------++-------
Melee: Flail             |   138 |   108 ||   246
  Use: Scroll            |       |     5 ||     5
       Potion            |       |     3 ||     3
  Eat: Chunk             |       |     2 ||     2
